 Dungeon Crawl Stone Soup version 0.30.0-19-g36f170ea60 (webtiles) character file.

Game seed: 13716587917244117754

126 cdecastro the Shooter (level 4, 0/37 HPs)
             Began as a Minotaur Hunter on May 29, 2023.
             Slain by a river rat (2 damage)
             ... in a sewer.
             The game lasted 00:04:53 (2208 turns).

cdecastro the Shooter (Minotaur Hunter)             Turns: 2208, Time: 00:04:54

Health: 0/37       AC:  5    Str: 17    XL:     4   Next: 83%
Magic:  3/3        EV: 11    Int:  6    God:
Gold:   216        SH:  0    Dex: 14    Spells: 3/3 levels left

rFire   . . .        a - +0 shortbow
rCold   . . .        (shield currently unavailable)
rNeg    . . .        k - +0 ring mail
rPois   .            (helmet restricted)
rElec   .            (no cloak)
rCorr   .            (no gloves)
SInv    .            (no boots)
Will    .....        (no amulet)
Stlth   +            (no ring)
HPRegen 0.26/turn    (no ring)
MPRegen 0.08/turn

%: no passive effects
@: no status effects
A: horns 2, retaliatory headbutt
a: no special abilities


You were in a sewer.
You visited 1 branch of the dungeon, and saw 3 of its levels.
You also visited: Sewer.

You collected 216 gold pieces.

Inventory:

Hand Weapons
 a - a +0 shortbow (weapon)
Armour
 c - a +0 leather armour
 k - a +0 ring mail (worn)
Magical Staves
 l - a staff of air
Jewellery
 i - an amulet of regeneration
Scrolls
 b - a scroll of immolation
 d - 6 scrolls of identify {unknown}
 e - a scroll of noise {unknown}
 f - a scroll of vulnerability {unknown}
 g - 2 scrolls of fear {unknown}
 j - a scroll of fog {unknown}
 o - a scroll of torment {unknown}
 p - a scroll of enchant armour {unknown}
 r - a scroll of poison {unknown}
 s - a scroll of amnesia {unknown}
Potions
 h - 4 potions of mutation {unknown}
 m - a potion of heal wounds {unknown}
 n - a potion of attraction {unknown}
 q - 2 potions of flight {unknown}


   Skills:
 - Level 2.4 Fighting
 + Level 6.8 Ranged Weapons
 - Level 2.1 Dodging
 - Level 0.7 Stealth


You had 3 spell levels left.
You didn't know any spells.
Your spell library contained the following spells:

 Spells                   Type           Power      Damage    Failure   Level
 Magic Dart               Conj           0%         1d3       67%         1
 Blink                    Tloc           0%         N/A       80%         2
 Call Imp                 Summ           0%         N/A       80%         2
 Mephitic Cloud           Conj/Pois/Air  0%         N/A       95%         3
 Manifold Assault         Tloc           0%         N/A       100%        4
 Storm Form               Tmut/Air       0%         N/A       100%        7


Dungeon Overview and Level Annotations

Branches:
Dungeon (3/15)              Sewer (1/1)

Altars:
Ashenzari


Innate Abilities, Weirdness & Mutations

You have a pair of horns on your head.
You reflexively headbutt those who attack you in melee.


Message History

You are too injured to fight recklessly!
You shoot an arrow. The arrow hits the river rat.
The river rat is almost dead.
The river rat closely misses you. The river rat barely misses you.
You shoot an arrow.
The arrow hits the river rat but does no damage.
The river rat is almost dead.
The river rat barely misses you.
You shoot an arrow. The arrow barely misses the river rat.
The river rat bites you!
You shoot an arrow.
The arrow hits the river rat but does no damage.
The river rat is almost dead.
The river rat bites you.
* * * LOW HITPOINT WARNING * * *
You shoot an arrow.
The arrow hits the river rat but does no damage.
The river rat is almost dead.
The river rat bites you.
* * * LOW HITPOINT WARNING * * *
The river rat bites you.
* * * LOW HITPOINT WARNING * * *
You shoot an arrow.
The arrow hits the river rat but does no damage.
The river rat is almost dead.
The river rat bites you!
* * * LOW HITPOINT WARNING * * *
Unknown command.
You shoot an arrow. The arrow closely misses the river rat.
The river rat bites you but does no damage.
Unknown command.
You shoot an arrow. The arrow barely misses the river rat.
The river rat barely misses you.
Unknown command.
You shoot an arrow.
The arrow hits the river rat but does no damage.
The river rat is almost dead.
The river rat bites you but does no damage.
The river rat bites you.
You die...

##### ####...####
####.........####
##........@......#
#......†###r...†..
##..†...## #......
#.....†## #.....
##...†## .....
#≈~~~~~# ≈~~≈
#≈≈≈~≈≈# ≈~~
#≈≈≈~~≈# ~~≈
#≈≈~~~≈#


You could see a river rat.

Vanquished Creatures
  2 river rats
  3 adders
  3 worms
  3 dart slugs
  8 ball pythons
  An endoplasm (D:2)
  6 giant cockroaches
  7 goblins
  3 hobgoblins
  4 jackals (D:1)
  4 quokkas
  6 bats
  2 frilled lizards
  5 kobolds
  8 rats
65 creatures vanquished.

Notes
Turn   | Place    | Note
-------+----------+-------------------------------------------
     0 | D:1      | cdecastro the Minotaur Hunter began the quest for the Orb.
     0 | D:1      | Reached XP level 1. HP: 18/18 MP: 0/0
   171 | D:1      | Reached XP level 2. HP: 12/25 MP: 1/1
   242 | D:1      | Reached skill level 5 in Ranged Weapons
   600 | D:1      | Reached XP level 3. HP: 30/30 MP: 2/2
  1069 | D:2      | HP: 1/30 [worm (3)]
  1083 | D:2      | Reached skill level 6 in Ranged Weapons
  1348 | D:2      | Reached XP level 4. HP: 37/37 MP: 3/3
  1446 | D:2      | Found a broken altar of Ashenzari.
  1922 | D:3      | Found a glowing drain.
  1934 | D:3      | Identified the +1 robe "Qimavu" {Stlth+}
  2143 | Sewer    | Entered a sewer
  2205 | Sewer    | HP: 1/37 [river rat (7)]
  2208 | Sewer    | Slain by a river rat

Illustrated notes

Levels and vault maps discovered:
D:1:      dpeg_arrival_more_subterranean_lakeside_camping, layout_basic,
          minmay_pentomino_z4
D:2:      layout_loops_ring, basic_altar
D:3:      layout_basic, portal_sewer_entry_c, minmay_misc_feat_more_columns,
          minmay_fractal_squares_gapless_5
Sewer:    sewer_minmay_w

Skill      XL: |  1  2  3 |
---------------+----------+-----
Ranged Weapons | 5 6 |  6.8
Fighting       | |  2.4
Dodging        | |  2.1
Stealth        | |  0.7

Action                     |  1- 3 |  4- 6 || total
---------------------------+-------+-------++-------
   Fire: Shortbow          |   124 |    86 ||   210
 Armour: Leather armour    |     5 |       ||     5
         Ring mail         |     4 |    12 ||    16
  Dodge: Dodged            |    33 |    19 ||    52
